 Dungeon Crawl Stone Soup version 0.29-a0-823-gc37b1572da (webtiles) character file.

Game seed: 5219708817778119040

2095 Brotato the Covert (level 9, -3/70 HPs)
             Began as a Gnoll Brigand on July 9, 2022.
             Killed by divine providence
             ... invoked by an orc priest
              (11 damage)
             ... on level 6 of the Dungeon.
             The game lasted 00:10:41 (6270 turns).

Brotato the Covert (Gnoll Brigand)                  Turns: 6270, Time: 00:10:42

Health: -3/70      AC:  7    Str: 10    XL:     9   Next: 27%
Magic:  15/15      EV: 14    Int: 12    God:
Gold:   406        SH:  0    Dex: 17    Spells: 16/16 levels left

rFire   . . .      SeeInvis .   E - +1 dagger (venom)
rCold   . . .      Faith    .   (no shield)
rNeg    . . .      Spirit   .   j - +0 leather armour
rPois   .          Reflect  .   (no helmet)
rElec   .          Harm     .   c - +0 cloak
rCorr   .          Rampage  .   (no gloves)
Will    .....                   B - +2 pair of boots
Stlth   ++++......              (no amulet)
HPRegen 0.21/turn               (no ring)
MPRegen 0.14/turn               (no ring)

@: no status effects
A: fangs 1, strong nose, distributed training
a: no special abilities


You were on level 6 of the Dungeon.
You visited 1 branch of the dungeon, and saw 7 of its levels.
You also visited: Sewer.

You collected 406 gold pieces.

Inventory:

Hand Weapons
 a - a +2 dagger
 E - a +1 dagger of venom (weapon)
Missiles
 d - 5 poisoned darts (quivered)
 e - 3 curare-tipped darts
Armour
 b - a +0 robe
 c - a +0 cloak (worn)
 j - a +0 leather armour (worn)
 B - a +2 pair of boots (worn)
Magical Staves
 D - a staff of fire
Jewellery
 n - a +6 ring of intelligence
 r - a ring of see invisible
Wands
 C - a wand of digging (3)
Scrolls
 g - 2 scrolls of noise {unknown}
 i - 6 scrolls of teleportation {unknown}
 l - 3 scrolls of identify {unknown}
 m - 2 scrolls of fog {unknown}
 o - 3 scrolls of vulnerability {unknown}
 s - a scroll of enchant armour {unknown}
 t - a scroll of summoning {unknown}
 v - 2 scrolls of fear {unknown}
 w - a scroll of poison {unknown}
 x - a scroll of enchant weapon {unknown}
 y - a scroll of blinking {unknown}
 A - a scroll of magic mapping {unknown}
 F - a scroll of torment {unknown}
Potions
 f - 2 potions of lignification
 h - a potion of might {unknown}
 k - 3 potions of curing {unknown}
 q - a potion of attraction {unknown}
 u - a potion of brilliance {unknown}
 z - 2 potions of cancellation {unknown}


   Skills:
 + Level 6.3 Fighting
 + Level 6.3 Short Blades
 + Level 4.2 Long Blades
 + Level 4.2 Axes
 + Level 4.2 Maces & Flails
 + Level 4.2 Polearms
 + Level 4.2 Staves
 + Level 4.2 Ranged Weapons
 + Level 6.3 Throwing
 + Level 4.2 Armour
 + Level 5.0 Dodging
 + Level 9.0 Stealth
 + Level 4.2 Shields
 + Level 4.2 Unarmed Combat
 + Level 4.2 Spellcasting
 + Level 3.5 Conjurations
 + Level 3.5 Hexes
 + Level 3.5 Summonings
 + Level 3.5 Necromancy
 + Level 3.5 Translocations
 + Level 3.5 Transmutations
 + Level 3.5 Fire Magic
 + Level 3.5 Ice Magic
 + Level 3.5 Air Magic
 + Level 3.5 Earth Magic
 + Level 3.5 Poison Magic
 + Level 4.6 Invocations
 + Level 4.2 Evocations


You had 16 spell levels left.
You didn't know any spells.
Your spell library contained the following spells:

 Spells                   Type           Power      Damage    Failure   Level
 Apportation              Tloc           20%        N/A       7%          1
 Necrotise                Necr           40%        1d6       7%          1
 Slow                     Hex            40%        N/A       7%          1
 Summon Small Mammal      Summ           40%        N/A       7%          1
 Confusing Touch          Hex            10%        N/A       21%         3
 Vampiric Draining        Necr           10%        2d6       21%         3


Dungeon Overview and Level Annotations

Branches:
Dungeon (7/15)              Sewer (visited)
 Temple: D:4-7

Altars:
Ashenzari
Dithmenos
Hepliaklqana
Qazlal
Wu Jian
Zin
The Shining One

Annotations:
D:2 1 runed translucent door, Crazy Yiuf


Innate Abilities, Weirdness & Mutations

You have very sharp teeth.
Your uncanny sense of smell can sniff out nearby items.
Your experience applies equally to all skills.


Message History

The orc warrior's wounds heal themselves!
Found a shadowy altar of Dithmenos.
There is an open door here.
Throw: 9 darts (poison)
Press: ? - help, Q - select action, (/) - cycle Shift-Dir - straight line, f - orc priest
Aim: an orc priest, wielding a +0 club and wearing a +0 ring mail (69% to hit)
You throw a poisoned dart.
The poisoned dart closely misses the orc priest.
Throw: 8 darts (poison)
Press: ? - help, Q - select action, (/) - cycle Shift-Dir - straight line, f/p - orc priest
Aim: an orc priest, wielding a +0 club and wearing a +0 ring mail (69% to hit)
You throw a poisoned dart.
The poisoned dart completely misses the orc priest.
Throw: 7 darts (poison)
Press: ? - help, Q - select action, (/) - cycle Shift-Dir - straight line, f - orc warrior
Aim: an orc warrior, wielding a +0 glaive and wearing a +0 chain mail (lightly wounded, poisoned, 63% to hit)
You throw a poisoned dart. The poisoned dart hits the orc warrior!
The orc warrior looks even sicker.
The orc warrior is lightly wounded.
Throw: 6 darts (poison)
Press: ? - help, Q - select action, (/) - cycle Shift-Dir - straight line, f - orc priest, p - orc warrior
Aim: an orc priest, wielding a +0 club and wearing a +0 ring mail (69% to hit)
You throw a poisoned dart. The poisoned dart hits the orc priest.
The orc priest is poisoned.
The orc priest invokes the aid of Beogh against you.
Pain shoots through your body! The orc warrior closely misses you.
The orc priest mumbles some strange prayers to Beogh against you.
Beogh smites you!
* * * LOW HITPOINT WARNING * * *
The orc warrior barely misses you.
The orc priest looks braver for a moment.
There is an open door here.
You see here a poisoned dart.
The orc priest mumbles some strange prayers to Beogh against you.
Pain shoots through your body!
* * * LOW HITPOINT WARNING * * *
The orc warrior looks more healthy.
The orc priest mumbles some strange prayers to Beogh against you.
Beogh smites you!
You die...

....÷÷.###...(.#...........#
..)..#.###...(.#...........#
.÷...#..##.#.###...........#
..<....(...................###
!............................
..(..##.....#.##...........#
#....#.(.#..^..............#
#.####'####(...))..........#
#.+.......o..o..@.....<....#
#.#.#...#.#................#
#.# #._.#.#...............##
#.#...#.#..(...........##
+...o...(..............#
####'####............###
#....(............#
.......###..#.......####
...######...#.........


You could see an orc warrior and an orc priest.

Vanquished Creatures
  Eustachio (D:4)
  3 ice beasts
  Pargi (Sewer)
  4 sky beasts (D:6)
  2 ogres
  A centaur (D:6)
  4 scorpions
  A necrophage (D:3)
  A howler monkey (D:6)
  3 hounds
  A jelly (D:4)
  An orc priest (D:4)
  5 iguanas
  An orc wizard (D:3)
  A gnoll (D:1)
  6 adders
  A shadow imp (D:6)
  A white imp (D:5)
  2 worms
  14 orcs
  3 bats
  11 endoplasms
  A giant cockroach (D:4)
  2 goblins (D:4)
  8 hobgoblins
  7 jackals
  6 kobolds
  4 quokkas
  7 ball pythons
  8 frilled lizards
  8 rats
119 creatures vanquished.

Vanquished Creatures (others)
  Prince Ribbit (D:5)
1 creature vanquished.

Grand Total: 120 creatures vanquished

Notes
Turn   | Place    | Note
-------+----------+-------------------------------------------
     0 | D:1      | Brotato the Gnoll Brigand began the quest for the Orb.
     0 | D:1      | Reached XP level 1. HP: 20/20 MP: 1/1
   215 | D:1      | Reached XP level 2. HP: 23/26 MP: 2/2
   503 | D:1      | Reached XP level 3. HP: 31/31 MP: 3/3
   716 | D:1      | Reached skill level 1 in Invocations
  1009 | D:2      | Reached skill level 1 in Long Blades
  1009 | D:2      | Reached skill level 1 in Axes
  1009 | D:2      | Reached skill level 1 in Maces & Flails
  1009 | D:2      | Reached skill level 1 in Polearms
  1009 | D:2      | Reached skill level 1 in Staves
  1009 | D:2      | Reached skill level 1 in Ranged Weapons
  1009 | D:2      | Reached skill level 1 in Armour
  1009 | D:2      | Reached skill level 1 in Shields
  1009 | D:2      | Reached skill level 1 in Unarmed Combat
  1009 | D:2      | Reached skill level 1 in Spellcasting
  1009 | D:2      | Reached skill level 1 in Evocations
  1051 | D:2      | Reached XP level 4. HP: 38/38 MP: 5/5
  1235 | D:2      | Found a runed translucent door.
  1236 | D:2      | Noticed Crazy Yiuf
  1514 | D:3      | Found a faded altar of an unknown god.
  1720 | D:3      | Reached skill level 1 in Conjurations
  1720 | D:3      | Reached skill level 1 in Hexes
  1720 | D:3      | Reached skill level 1 in Summonings
  1720 | D:3      | Reached skill level 1 in Necromancy
  1720 | D:3      | Reached skill level 1 in Translocations
  1720 | D:3      | Reached skill level 1 in Transmutations
  1720 | D:3      | Reached skill level 1 in Fire Magic
  1720 | D:3      | Reached skill level 1 in Ice Magic
  1720 | D:3      | Reached skill level 1 in Air Magic
  1720 | D:3      | Reached skill level 1 in Earth Magic
  1720 | D:3      | Reached skill level 1 in Poison Magic
  1862 | D:3      | Noticed an ice beast
  1869 | D:3      | Killed an ice beast
  1870 | D:3      | Reached skill level 8 in Stealth
  1870 | D:3      | Reached XP level 5. HP: 43/43 MP: 5/7
  2230 | D:4      | Found a glowing drain.
  2239 | Sewer    | Entered a sewer
  2291 | Sewer    | Noticed Pargi
  2323 | Sewer    | Killed Pargi
  2324 | Sewer    | Reached skill level 5 in Fighting
  2324 | Sewer    | Reached skill level 5 in Short Blades
  2324 | Sewer    | Reached skill level 5 in Throwing
  2324 | Sewer    | Reached XP level 6. HP: 30/51 MP: 7/9
  3106 | D:4      | Found a stormy altar of Qazlal.
  3110 | D:4      | Found a glowing silver altar of Zin.
  3111 | D:4      | Found a broken altar of Ashenzari.
  3111 | D:4      | You fall into a shaft and drop 3 floors!
  3175 | D:5      | Entered Level 5 of the Dungeon
  3177 | D:5      | Reached XP level 7. HP: 56/56 MP: 10/10
  3189 | D:4      | Noticed Eustachio
  3231 | D:4      | Killed Eustachio
  3996 | D:4      | Reached XP level 8. HP: 29/63 MP: 12/12
  5121 | D:5      | Noticed Prince Ribbit
  5146 | D:5      | Killed Prince Ribbit
  5400 | D:5      | Found an ornate altar of the Wu Jian Council.
  5400 | D:5      | Found a glowing golden altar of the Shining One.
  5400 | D:5      | Found a hazy altar of Hepliaklqana.
  5872 | D:6      | Reached XP level 9. HP: 64/69 MP: 14/14
  5926 | D:6      | Reached skill level 5 in Dodging
  5967 | D:5      | Reached skill level 9 in Stealth
  6249 | D:6      | Found a shadowy altar of Dithmenos.
  6270 | D:6      | Killed from afar by an orc priest

Illustrated notes

Levels and vault maps discovered:
D:1:      heliophobic_arrival_ceremonial_halls, layout_rooms, bh_walls_and_bars
D:2:      layout_rooms, uniq_crazy_yiuf_cottage
D:3:      layout_basic, hellmonk_ecumenical_altar_leap_of_faith
D:4:      layout_basic, grunt_temple_overflow_open,
          cheibrodos_sewer_entry_drain, uniq_eustachio
D:5:      layout_basic, gammafunk_temple_overflow_claw, interstate_on_off,
          grunt_ministairs_2, minmay_holes, uniq_prince_ribbit1
D:6:      layout_rooms, mainiacjoe_overflow_small_starburst,
          mainiacjoe_overflow_six_doors_small
D:7:      layout_loops_cross, old_standard_altar, temple_doors_e

Skill      XL: |  1  2  3  4  5  6  7  8  9 |
---------------+----------------------------+-----
Invocations    | 1 2 3 4 |  4.6
Long Blades    | 1 2 3 4 |  4.2
Axes           | 1 2 3 4 |  4.2
Maces & Flails | 1 2 3 4 |  4.2
Polearms       | 1 2 3 4 |  4.2
Staves         | 1 2 3 4 |  4.2
Ranged Weapons | 1 2 3 4 |  4.2
Armour         | 1 2 3 4 |  4.2
Shields        | 1 2 3 4 |  4.2
Unarmed Combat | 1 2 3 4 |  4.2
Spellcasting   | 1 2 3 4 |  4.2
Evocations     | 1 2 3 4 |  4.2
Conjurations   | 1 2 3 |  3.5
Hexes          | 1 2 3 |  3.5
Summonings     | 1 2 3 |  3.5
Necromancy     | 1 2 3 |  3.5
Translocations | 1 2 3 |  3.5
Transmutations | 1 2 3 |  3.5
Fire Magic     | 1 2 3 |  3.5
Ice Magic      | 1 2 3 |  3.5
Air Magic      | 1 2 3 |  3.5
Earth Magic    | 1 2 3 |  3.5
Poison Magic   | 1 2 3 |  3.5
Dodging        | 3 4 5 |  5.0
Stealth        | 8 9 |  9.0
Fighting       | 5 6 |  6.3
Short Blades   | 5 6 |  6.3
Throwing       | 5 6 |  6.3

Action                   |  1- 3 |  4- 6 |  7- 9 || total
-------------------------+-------+-------+-------++-------
Melee: Dagger            |    94 |   118 |   252 ||   464
       Bite              |     3 |     6 |    30 ||    39
       Punch             |       |     1 |     9 ||    10
Throw: Dart              |       |     8 |    31 ||    39
  Use: Potion            |       |     2 |     2 ||     4
 Stab: Sleeping          |    13 |    13 |    14 ||    40
       Distracted        |       |     1 |     2 ||     3
Armor: Robe              |    14 |       |       ||    14
       Leather armour    |     6 |    25 |    67 ||    98
       Skin              |       |    16 |       ||    16
Dodge: Dodged            |    46 |    60 |   122 ||   228

Table legend: (Time is in decaauts)
 A = Elapsed time spent in this place.
 B = Non-inter-level travel time spent in this place.
 C = Inter-level travel time spent in this place.
 D = Time resting spent in this place.
 E = Time spent auto-exploring this place.
 F = Levels seen in this place.
 G = Mean time per level.
                   A        B        C        D        E       F      G
               +--------+--------+--------+--------+--------+-----+--------+
         Total |   6150 |   5969 |    181 |   1563 |   3265 |   8 |  768.8 |
       Dungeon |   5834 |   5653 |    181 |   1382 |   3192 |   7 |  833.4 |
         Sewer |    316 |    316 |      0 |    181 |     73 |   1 |  316.0 |
               +--------+--------+--------+--------+--------+-----+--------+

Top non-repeatable levels by time:
     D:4: 1714 daAuts
     D:5: 1195 daAuts
     D:3: 910 daAuts
     D:1: 878 daAuts
     D:2: 606 daAuts
     D:6: 523 daAuts
   Sewer: 316 daAuts
     D:7: 5 daAuts
